 Dungeon Sprint DCSS version 0.29.1-2-gbd0b4ee654 (webtiles) character file.

Game seed: 12716050715912937686

3200000 ChickenMitten the Conqueror (level 17, -27/226 HPs)
             Began as an Ogre Berserker on Nov 14, 2022.
             Was a High Priest of Trog.
             Annihilated by a meat berserker
             ... wielding a +9 battleaxe
              (49 damage)
             ... in the Dungeon (Sprint VIII: "Arena of Blood").
             The game lasted 00:01:32 (32 turns).

ChickenMitten the Conqueror (Ogre Berserker)          Turns: 32, Time: 00:01:33

Health: -27/226    AC:  3    Str: 31    XL:     17   Next: 84%
Magic:  18/27      EV: 17    Int:  8    God:    Trog [*****.]
Gold:   0          SH:  0    Dex:  8    Spells: 16/16 levels left

rFire   . . .      SeeInvis .   i - +∞ Axe of Woe
rCold   . . .      Faith    .   (shield currently unavailable)
rNeg    . . .      Spirit   .   b - +0 animal skin
rPois   .          Reflect  .   (helmet restricted)
rElec   .          Harm     .   (no cloak)
rCorr   .          Rampage  .   (gloves unavailable)
Will    +....      NoTele   +   (boots unavailable)
Stlth   +.........              (no amulet)
HPRegen 0.47/turn               (no ring)
MPRegen 0.20/turn               (no ring)

@: on berserk cooldown, slowed, very slow
A: large, unfitting armour, tough skin 1
a: Renounce Religion, Berserk, Trog's Hand, Brothers in Arms


You were in the Dungeon.
You worshipped Trog.
Trog was extremely pleased with you.
You visited 1 branch

Inventory:

Hand Weapons
 a - a +0 hand axe
 i - the +∞ Axe of Woe (weapon)
   (You found it in the Dungeon)
 j - a +1 battleaxe
Armour
 b - a +0 animal skin (worn)
Scrolls
 h - a scroll of blinking
Potions
 c - a potion of curing
 d - a potion of heal wounds
 e - a potion of haste
 f - 2 potions of magic
 g - a potion of berserk rage


   Skills:
 O Level 27 Fighting
 + Level 12.1(14.2) Short Blades
 + Level 12.1(14.2) Long Blades
 O Level 27 Axes
 + Level 13.2 Staves
 + Level 10.3 Ranged Weapons
 + Level 12.7 Throwing
 O Level 27 Dodging
 + Level 12.7 Shields
 + Level 13.8 Invocations
 + Level 10.7 Evocations


You had 16 spell levels left.
You didn't know any spells.
Your spell library was empty.

Dungeon Overview and Level Annotations

Branches:
Dungeon (1/1)

Altars:
Makhleb


Innate Abilities, Weirdness & Mutations

You are too large for most types of armour.
You have tough skin. (AC +1)


Message History

A destroyer comes into view. It is wielding a +9 vorpal great sword.
You hear two shouts!
You hear a shout!
You slice the bag of meat!!
You pulverise the bag of meat into a thin bloody mist.
You kill the bag of meat!
Trog accepts your kill.
You slice the bag of meat!! You chop the bag of meat into pieces.
You kill the bag of meat!
Trog accepts your kill. Trog grants you a weapon!
Something appears at your feet!
You see here a +1 battleaxe.
You hear a shout! x3
The destroyer points at you and mumbles some strange words.
The destroyer blinks!
A bag of meat comes into view. It is wielding a +9 war axe.
You hear a shout! x7
Your base Short Blades skill increases to level 12!
Your base Long Blades skill increases to level 12!
Your Staves skill increases to level 13!
Your Ranged Weapons skill increases to level 10!
Your Throwing skill increases to level 12!
Your Shields skill increases to level 12!
Your Invocations skill increases to level 13!
Your Evocations skill increases to level 10!
A meat berserker comes into view. It is wielding a +9 battleaxe.
Unknown command.
j - a +1 battleaxe You hear a shout! x6
The meat berserker rages.
The destroyer gestures at you while chanting.
The destroyer blinks!
You hear a shout!
A bag of meat comes into view. It is wielding a +9 war axe.
You hear a shout!
A bag of meat comes into view. It is wielding a +9 war axe.
You hear a shout! x2
The destroyer gestures at you while chanting.
The destroyer blinks!
The meat berserker hits you with a +9 battleaxe!!!
You die...

.........
.......o. #.
.....# #.. ....#
.. .###..
...###...
......###§.......
.....§§.........
..#.))§.#......
#_§@§_# .....
#.)O).# ....
....._.oV.. ...
....§.###o.......
.###.. .Vo###. .
#.. .V.# #. .O#
.. o.


You could see 3 destroyers, 2 meat berserkers and 5 bags of meat.

Vanquished Creatures
  5 ogres (D)
  A two-headed ogre (D)
  12 orcs (D)
18 creatures vanquished.

Notes
Turn   | Place    | Note
-------+----------+-------------------------------------------
     0 | D        | Found the +∞ Axe of Woe
     0 | D        | ChickenMitten the Ogre Berserker began the quest for the
                  | Orb.
     0 | D        | Reached XP level 1. HP: 24/24 MP: 1/1
     1 | D        | Noticed a bag of meat
     3 | D        | Noticed a bag of meat
     3 | D        | Noticed a bag of meat
     3 | D        | Noticed a bag of meat
     3 | D        | Noticed a bag of meat
     4 | D        | Noticed a bag of meat
     4 | D        | Noticed a bag of meat
     7 | D        | Noticed a meat berserker
     7 | D        | Noticed a bag of meat
     8 | D        | Killed a bag of meat
     8 | D        | Noticed a meat berserker
     9 | D        | Reached skill level 15 in Axes
     9 | D        | Reached XP level 2. HP: 15/65 MP: 2/2
     9 | D        | Reached XP level 3. HP: 17/74 MP: 3/3
     9 | D        | Reached XP level 4. HP: 19/83 MP: 4/4
     9 | D        | Reached XP level 5. HP: 21/91 MP: 5/5
     9 | D        | Reached XP level 6. HP: 23/101 MP: 6/6
     9 | D        | Reached XP level 7. HP: 25/109 MP: 7/7
     9 | D        | Reached XP level 8. HP: 27/119 MP: 8/8
     9 | D        | Reached XP level 9. HP: 29/127 MP: 9/9
     9 | D        | Reached XP level 10. HP: 31/136 MP: 10/10
     9 | D        | Reached XP level 11. HP: 34/145 MP: 11/11
     9 | D        | Killed a bag of meat
     9 | D        | Reached ** piety under Trog
     9 | D        | Killed a bag of meat
     9 | D        | Killed a bag of meat
     9 | D        | Noticed a meat berserker
     9 | D        | Noticed a bag of meat
    10 | D        | Reached XP level 12. HP: 40/172 MP: 12/12
    10 | D        | Reached XP level 13. HP: 43/182 MP: 13/13
    10 | D        | Killed a bag of meat
    11 | D        | Noticed a meat berserker
    12 | D        | Killed a meat berserker
    12 | D        | Reached *** piety under Trog
    13 | D        | Reached skill level 27 in Fighting
    13 | D        | Reached XP level 14. HP: 71/198 MP: 14/14
    13 | D        | Killed a meat berserker
    13 | D        | Killed a meat berserker
    14 | D        | Reached skill level 27 in Axes
    14 | D        | Reached XP level 15. HP: 75/206 MP: 15/15
    14 | D        | Reached **** piety under Trog
    15 | D        | Killed a meat berserker
    16 | D        | Reached skill level 27 in Dodging
    16 | D        | Reached XP level 16. HP: 79/217 MP: 16/16
    17 | D        | Noticed a meat berserker
    19 | D        | Reached skill level 5 in Short Blades
    19 | D        | Reached skill level 5 in Long Blades
    19 | D        | Reached skill level 5 in Throwing
    19 | D        | Reached skill level 5 in Shields
    22 | D        | Reached skill level 5 in Ranged Weapons
    22 | D        | Reached skill level 5 in Evocations
    22 | D        | Killed a meat berserker
    22 | D        | Reached ***** piety under Trog
    26 | D        | Reached skill level 10 in Staves
    26 | D        | Reached skill level 10 in Invocations
    26 | D        | Reached XP level 17. HP: 86/226 MP: 16/24
    27 | D        | Noticed a destroyer
    28 | D        | Noticed a large bag of meat
    28 | D        | Noticed a meat berserker
    29 | D        | Reached skill level 10 in Throwing
    29 | D        | Reached skill level 10 in Shields
    29 | D        | Killed a large bag of meat
    29 | D        | Noticed a large bag of meat
    30 | D        | Noticed a destroyer
    30 | D        | Noticed a large bag of meat
    30 | D        | Noticed a destroyer
    31 | D        | Received a gift from Trog
    32 | D        | Reached skill level 10 in Ranged Weapons
    32 | D        | Reached skill level 10 in Evocations
    32 | D        | Noticed a meat berserker
    32 | D        | Annihilated by a meat berserker

Illustrated notes

Levels and vault maps discovered:
D:        meatsprint

Skill      XL: |  1  2  3  4  5  6  7  8  9 10 11 12 13 14 15 16 17 |
---------------+----------------------------------------------------+-----
Fighting       | 19 25 27 | 27.0
Axes           | 15 21 24 27 | 27.0
Dodging        | 13 17 20 24 27 | 27.0
Short Blades   | 9 12 | 12.1
Long Blades    | 9 12 | 12.1
Staves         | 10 13 | 13.2
Ranged Weapons | 7 10 | 10.3
Throwing       | 9 12 | 12.7
Shields        | 9 12 | 12.7
Invocations    | 10 13 | 13.8
Evocations     | 8 10 | 10.7

Action                   |  1- 3 |  4- 6 |  7- 9 | 10-12 | 13-15 | 16-18 || total
-------------------------+-------+-------+-------+-------+-------+-------++-------
Melee: Executioner's axe |     1 |       |       |     1 |     5 |     7 ||    14
Invok: Berserk           |       |       |       |       |     1 |       ||     1
Dodge: Dodged            |       |       |       |       |     1 |       ||     1
